AoeStats
← MattAtArms

Arabia

507249119Analyzed
1v1 RM · 16d ago on Sep 17, 2026· 47m 37s· 2 players
Game mode
Random Map
Map size
Tiny (2 player)
Population
200
Speed
Normal
Resources
Standard
Victory
Conquest
Starting age
Dark Age
Ending age
Imperial Age
RankedLock teamsTeams togetherTeam positionsShared explorationLock speedFull tech treeHidden civsTurbo modeCheats
Victory
Defeat
🇨🇳 Maya · China
1934
+15
🇬🇧 Chinese · United Kingdom
1918
-15
MattAtArms
0:25 Loom
8:24 Feudal Age
8:57 Double-Bit Axe
10:43 Horse Collar
21:02 Castle Age
19:33 Double-Bit Axe
20:15 Gold Mining
20:16 Fletching
20:26 Padded Archer Armor
21:10 Crossbowman
21:54 Bodkin Arrow
23:07 Thumb Ring
23:41 Ballistics
27:14 Bow Saw
29:31 Town Watch
30:24 Wheelbarrow
41:36 Imperial Age
39:52 Leather Archer Armor
42:20 Bracer
43:22 Chemistry
41:46 Arbalester
44:03 Ring Archer Armor
45:54 Scale Barding Armor
47:16 Chain Barding Armor
46:56 Scale Mail Armor
46:17 Elite Skirmisher
西园寺
0:26 Loom
10:56 Feudal Age
11:04 Man-at-Arms
13:20 Arson
13:54 Double-Bit Axe
20:35 Castle Age
19:03 Fletching
19:39 Gold Mining
20:41 Horse Collar
21:23 Bodkin Arrow
21:34 Crossbowman
23:27 Ballistics
23:11 Padded Archer Armor
28:01 Bow Saw
29:18 Town Watch
30:12 Wheelbarrow
37:44 Imperial Age
36:22 Forging
37:06 Thumb Ring
37:30 Stone Mining
38:27 Bracer
39:28 Chemistry
39:35 Hand Cart
38:49 Arbalester
41:29 Leather Archer Armor
42:07 Hand Cart
43:22 Ring Archer Armor
47:50 Masonry
Connection lost

Rejoining the realm…

Still unreachable

The connection could not be restored.

Session expired

The server has moved on; the page needs a fresh start.